 Dungeon Crawl Stone Soup version 0.31.0-11-ge490571c62 (webtiles) character file.

Game seed: 8665235021601774001

105219 browni3141 the Severer (level 15, -17/136 HPs)
             Began as a Minotaur Fighter on Jan 28, 2024.
             Was a High Priest of Okawaru.
             Demolished by a bunyip (23 damage)
             ... on level 1 of the Swamp.
             The game lasted 00:13:44 (17210 turns).

browni3141 the Severer (Minotaur Fighter)          Turns: 17210, Time: 00:13:45

Health: -17/136    AC: 27    Str: 33    XL:     15   Next: 28%
Magic:  19/21      EV: 10    Int:  5    God:    Okawaru [*****.]
Gold:   1208       SH: 14    Dex: 14    Spells: 14/14 levels left

rFire   x . .        S - +16 obsidian axe {drain, demonic, Mesm ^Drain Fly SInv}
rCold   + . .        s - +0 kite shield
rNeg    + + .        L - +0 plate armour
rPois   .            (helmet restricted)
rElec   .            y - +1 cloak
rCorr   .            b - +3 pair of gauntlets of War {Slay+5}
SInv    +            T - +0 pair of boots "Emutz" {Will+ Dex+3}
Will    ++...        M - amulet of the acrobat
Stlth   x              - ring "Faveil" {Ice rN++ SInv}
HPRegen 0.42/turn    B - +6 ring of strength
MPRegen 0.17/turn

%: acrobat
@: heroic, flying, mesmerised
A: horns 2, retaliatory headbutt
}: 1/15 runes: gossamer
a: Renounce Religion, Heroism, Finesse, Duel


You were on level 1 of the Swamp.
You worshipped Okawaru.
Okawaru was extremely pleased with you.
You visited 5 branches of the dungeon, and saw 20 of its levels.
You also visited: Gauntlet.

You collected 1247 gold pieces.
You spent 39 gold pieces at shops.

Inventory:

Hand Weapons
 S - the +16 obsidian axe (weapon) {drain, demonic, Mesm ^Drain Fly SInv}
   (Okawaru gifted it to you on level 2 of the Lair of Beasts)

   Mesm:      Its wielder is mesmerised by any visible foes, and it cannot be
   unequipped while any foes are visible.
   SInv:      It lets you see invisible.
   Fly:       It grants you flight.
   ^Drain:    It drains your maximum health when unequipped.
Missiles
 c - 2 atropa-tipped darts
 h - 3 silver javelins
 j - 17 boomerangs (quivered)
 t - 25 javelins
 D - a throwing net
Armour
 b - the +3 pair of gauntlets of War (worn) {Slay+5}
   (You acquired it on level 2 of the Spider Nest)

   Slay+5:    It affects your accuracy & damage with ranged weapons and melee
   (+5).
 s - a +0 kite shield (worn)
 y - a +1 cloak (worn)
 L - a +0 plate armour (worn)
 T - the +0 pair of boots "Emutz" (worn) {Will+ Dex+3}
   (Okawaru gifted it to you on level 2 of the Lair of Beasts)

   Dex+3:     It affects your dexterity (+3).
   Will+:     It increases your willpower.
Jewellery
 k - a +6 ring of strength
 x - the ring "Faveil" (left hand) {Ice rN++ SInv}
   (You found it in a Gauntlet)

   [ring of ice]

   Ice:       It enhances your ice magic.
   rF-:       It makes you vulnerable to fire.
   rC+:       It protects you from cold.
   rN++:      It greatly protects you from negative energy.
   SInv:      It lets you see invisible.
 B - a +6 ring of strength (right hand)
 E - an amulet of faith
 M - an amulet of the acrobat (around neck)
 Q - a ring of wizardry
 Z - an amulet of magic regeneration
Wands
 a - a wand of mindburst (2)
 n - a wand of digging (3)
 r - a wand of iceblast (25)
 F - a wand of flame (39)
 R - a wand of polymorph (3)
 W - a wand of quicksilver (13)
Scrolls
 f - 3 scrolls of noise
 g - 4 scrolls of fear
 w - 3 scrolls of poison
 z - 6 scrolls of teleportation
 A - a scroll of vulnerability
 C - 4 scrolls of amnesia
 G - a scroll of silence
 H - a scroll of fog
 K - a scroll of enchant weapon {unknown}
 N - a scroll of torment {unknown}
 P - a scroll of revelation
 X - a scroll of blinking {unknown}
 Y - a scroll of brand weapon {unknown}
Potions
 d - 12 potions of might
 e - 3 potions of brilliance {unknown}
 i - 3 potions of magic {unknown}
 l - 4 potions of attraction {unknown}
 m - 2 potions of mutation {unknown}
 p - 5 potions of curing
 q - 2 potions of invisibility {unknown}
 u - 7 potions of ambrosia
 v - 6 potions of haste {unknown}
 I - 4 potions of degeneration {unknown}
 J - 11 potions of heal wounds {unknown}
 O - 2 potions of lignification {unknown}
 V - a potion of resistance {unknown}


   Skills:
 + Level 13.5(18.5) Fighting
 * Level 17.6(22.6) Axes
 + Level 10.5(15.5) Throwing
 + Level 13.2(18.2) Armour
 + Level 13.2(18.2) Shields
 + Level 10.4 Invocations


You had 14 spell levels left.
You didn't know any spells.
Your spell library contained the following spells:

 Spells                   Type           Power      Damage    Failure   Level
 Magic Dart               Conj           0%         1d3       95%         1
 Blink                    Tloc           0%         N/A       99%         2
 Ensorcelled Hibernation  Hex/Ice        0%         N/A       99%         2
 Sublimation of Blood     Necr           0%         N/A       99%         2
 Fugue of the Fallen      Necr           0%         N/A       100%        3
 Stone Arrow              Conj/Erth      0%         3d7       100%        3
 Anguish                  Hex/Necr       0%         N/A       100%        4
 Ignite Poison            Fire/Alch      0%         N/A       100%        4
 Petrify                  Alch/Erth      0%         N/A       100%        4
 Sticky Flame             Fire/Alch      0%         2d4       100%        4
 Irradiate                Conj/Alch      0%         3d11      100%        5
 Borgnjor's Revivificati  Necr           0%         N/A       100%        8
 Ignition                 Fire           0%         3d3       100%        8
 Lehudib's Crystal Spear  Conj/Erth      0%         10d2      100%        8
 Death's Door             Necr           0%         N/A       100%        9
 Call Imp                 Summ           Unusable   N/A       N/A         2
 Animate Armour           Summ/Erth      Unusable   N/A       N/A         4
 Haunt                    Necr/Summ      Unusable   N/A       N/A         7

Dungeon Overview and Level Annotations

Branches:
Dungeon (9/15)             Temple (1/1) D:4            Lair (5/5) D:9
  Swamp (1/4) Lair:2       Spider (4/4) Lair:3        Slime (0/5) Lair:5
Gauntlet (visited)
    Orc: D:9-12

Altars:
Ashenzari
Cheibriados
Dithmenos
Elyvilon
Gozag
Hepliaklqana
Kikubaaqudgha
Makhleb
Nemelex Xobeh
Okawaru
Qazlal
Ru
Sif Muna
Trog
Uskayaw
Vehumet
Wu Jian
Xom
Yredelemnul
Zin
The Shining One

Shops:
D:3 !

Portals:
Hell: Lair:5

Annotations:
Lair:1 1 runed translucent door, browni3141's ghost, journeyman MiFi
Lair:2 2 transporters, Eugor's ghost, journeyman DrFE
Lair:4 3 runed translucent doors, browni3141's ghost, adept MiFi


Innate Abilities, Weirdness & Mutations

You have a pair of horns on your head.
You reflexively headbutt those who attack you in melee.


Message History

You pick up the milky-white gem and feel its impossibly delicate weight in your hands.
Press } and ! to see all the gems you have collected.
You pick up the gossamer rune and feel its power.
Press } to see all the runes you have collected.
u - 4 potions of ambrosia (gained 1)
There is an open door here.
Your hands slow down.
d - 12 potions of might (gained 2)
i - 3 smoky blue potions (gained 1)
u - 6 potions of ambrosia (gained 2)
u - 7 potions of ambrosia (gained 1)
There is a large open door here.
Things that are here:
a hornet corpse; a hornet corpse You feel like a meek peon again.
A redback comes into view.
You can't go up here!
Visions of slaying the redback flood into your mind.
The redback completely misses you.
You slice the redback!!
You break out of your daze!
You kill the redback!
Okawaru accepts your kill.
No target in view!
There is a huge open gate here.
There is a huge open gate here.
There is a stone staircase leading up here.
You fly upwards.
There is a stone staircase leading down here.
If you linger in this branch much longer, the power of Zot will shatter your milky-white gem.
There is a stone staircase leading up here.
Magic restored.
There is a stone staircase leading up here.
You fly upwards.
There is a stone staircase leading down here.
You see here a +0 pair of gloves.
You see here a +0 quarterstaff.
There is a stone staircase leading up, spattered with blood here.
There is a stone staircase leading up, spattered with blood here.
You fly upwards.
There is a stone staircase leading down, spattered with blood here.
There is a crawl-hole back to the Lair, spattered with blood here.
You fly upwards.
Welcome back to the Lair of Beasts!
There is a hole to the Spider Nest here.
What level of the Swamp? (default 1, ? - help)
There is a stone staircase leading up here.
You fly upwards.
Level annotation: 2 transporters, Eugor's ghost, journeyman DrFE
There is a stone staircase leading down here.
Eugor's ghost turns its malevolent gaze towards you.
You hear a croak.
You hear an angry hiss.
The cane toad gives a loud, deep croak!
There is a staircase to the Swamp here.
You fly downwards.
Welcome to the Swamp!
This branch is noisy: sounds don't travel as far here.
This branch contains the decaying rune of Zot.
Visions of slaying the will-o-the-wisp flood into your mind.
The swamp dragon roars deafeningly!
The will-o-the-wisp gives a chilling moan.
The bunyip gives a hideous shriek!
You hear a chilling moan.
You hear a shout!
Found 3 stones.
Found a stone staircase leading down.
There is a staircase back to the Lair here.
There are monsters nearby!
A will-o-the-wisp comes into view.
The will-o-the-wisp gestures.
The will-o-the-wisp conjures some marshlight! 2 foxfires come into view.
You slice the will-o-the-wisp!!
The will-o-the-wisp is almost destroyed.
The foxfire hits you! The fire burns you terribly! The foxfire hits you!
The fire burns you terribly!
You slice the will-o-the-wisp!!
You are no longer entranced.
You destroy the will-o-the-wisp!
Okawaru accepts your kill.
Visions of slaying the bunyip flood into your mind.
The will-o-the-wisp gestures.
The will-o-the-wisp conjures some marshlight! 2 foxfires come into view.
The bunyip claws you!! The bunyip misses you. You block the bunyip's attack.
You slice the bunyip!!
The bunyip is moderately wounded.
The foxfire hits you!! The fire burns you terribly! The foxfire hits you!
The fire burns you terribly!
A shambling mangrove comes into view.
The will-o-the-wisp gestures.
The will-o-the-wisp conjures some marshlight! 2 foxfires come into view.
You slice the bunyip!! You drain the bunyip. You headbutt the bunyip!
The bunyip is almost dead.
A spriggan rider comes into view. It is wielding a +0 spear.
The will-o-the-wisp blinks!
You gain the combat prowess of a mighty hero.
Visions of slaying the swamp dragon flood into your mind.
The spriggan rider shouts!
The foxfire hits you! The fire burns you terribly! The foxfire hits you!!!
The fire burns you terribly!
A seven-headed hydra comes into view.
You block the bunyip's attack. The bunyip claws you!!
You die...

♣.~~~.~~.D
~f~~~~~~..
♣♣..>.~§~..
~§.v~..~.
♣.~♣~~.♣
♣♣.~~..♣.i?
..♣♣♣♣..Dx~.....
♣.§~~§§§@♣
♣.§§(§..♣♣
..♣♣♣♣♣<♣ ♣~~♣
♣♣~♣ ~. ~♣♣ ♣♣


You could see a shambling mangrove, a bunyip (drained), a seven-headed hydra
(wandering), a swamp dragon (mesmerising), a spriggan rider and a
will-o-the-wisp.

Vanquished Creatures
  Mlioglotl (Spider:3)
  An emperor scorpion (Spider:4)
  3 ghost moths
  A broodmother (Spider:1)
  An eleionoma (Lair:2)
  A dire elephant (Lair:5)
  A minotaur (Gauntlet)
  2 spark wasps (Spider:4)
  An entropy weaver (Spider:3)
  2 hydras
  Erolcha (D:9)
  An anaconda (Lair:5)
  4 boulder beetles
  7 death yaks (Lair:5)
  A catoblepas (Lair:5)
  A two-headed ogre (D:9)
  An occultist (Lair:5)
  2 skysharks
  A sixfirhy (Lair:5)
  Amaemon (Lair:3)
  5 pharaoh ants
  An obsidian statue (Gauntlet)
  5 orb spiders
  A steelbarb worm (Spider:1)
  Pikel (D:7)
  A lindwurm (Lair:5)
  11 wolf spiders
  A will-o-the-wisp (Swamp:1)
  17 elephants
  9 black mambas
  3 orange demons
  3 torpor snails
  7 rime drakes
  11 cane toads
  A minotaur zombie (Gauntlet)
  8 komodo dragons
  2 ice devils (Lair:5)
  A red devil (Lair:5)
  4 polar bears
  A hellwing (Lair:5)
  2 trolls (D:9)
  15 tarantellas
  5 hornets (Spider:4)
  11 blink frogs
  A raiju (Gauntlet)
  12 dream sheep
  11 jumping spiders
  12 culicivoras
  A centaur simulacrum (Gauntlet)
  3 wyverns
  A wraith (D:9)
  2 basilisks
  32 yaks
  18 redbacks
  A redback simulacrum (Gauntlet)
  9 steam dragons
  Menkaure (D:6)
  3 acid dragons
  21 water moccasins
  A hydra simulacrum (Gauntlet)
  4 hell hounds (Lair:5)
  6 ice beasts
  2 sky beasts
  2 black bears (D:6)
  8 wolves
  A centaur (D:6)
  2 lemures (D:7)
  3 phantoms
  A kobold brigand (D:6)
  16 bullfrogs
  3 scorpions
  A wight (D:6)
  6 killer bees (D:9)
  2 howler monkeys
  14 jellies
  2 bombardier beetles
  2 hounds (D:4)
  2 sleepcaps
  Jessica (D:2)
  3 iguanas
  Crazy Yiuf (D:4)
  4 orc wizards
  13 hell rats
  Terence (D:3)
  5 adders
  6 gnolls
  A white imp (D:6)
  2 dart slugs (D:2)
  A ribbon worm (D:3)
  12 orcs
  2 bats (D:3)
  6 endoplasms
  6 giant cockroaches
  5 goblins
  5 hobgoblins
  8 jackals
  10 kobolds
  3 quokkas
  7 ball pythons
  4 frilled lizards
  9 rats
  2 butterflies (Lair:1)
483 creatures vanquished.

Vanquished Creatures (others)
  A wolf spider (Spider:1)
  A jumping spider (Spider:1)
  6 foxfires (Swamp:1)
8 creatures vanquished.

Grand Total: 491 creatures vanquished

Notes
Turn   | Place    | Note
-------+----------+-------------------------------------------
     0 | D:1      | browni3141 the Minotaur Fighter began the quest for the
                  | Orb.
     0 | D:1      | Reached XP level 1. HP: 19/19 MP: 0/0
    96 | D:1      | Reached XP level 2. HP: 24/27 MP: 1/1
   134 | D:1      | Reached skill level 3 in Axes
   464 | D:2      | Found a faded altar of an unknown god.
   561 | D:2      | Reached XP level 3. HP: 33/33 MP: 2/2
   627 | D:2      | Noticed Jessica
   631 | D:2      | Killed Jessica
   637 | D:2      | Reached XP level 4. HP: 25/40 MP: 3/3
   953 | D:2      | Reached skill level 4 in Axes
  1119 | D:3      | Noticed Terence
  1130 | D:3      | Killed Terence
  1258 | D:3      | Found Xicreola's Distillery.
  1265 | D:3      | Bought a potion of curing for 39 gold pieces
  1493 | D:3      | Reached XP level 5. HP: 47/47 MP: 4/4
  1818 | D:4      | Found a staircase to the Ecumenical Temple.
  1897 | Temple   | Entered the Ecumenical Temple
  1901 | Temple   | Became a worshipper of Warmaster Okawaru
  2011 | D:4      | Found a runed translucent door.
  2013 | D:4      | Noticed Crazy Yiuf
  2019 | D:4      | Killed Crazy Yiuf
  2260 | D:4      | Found an opulent altar of Gozag.
  2371 | D:4      | Reached skill level 5 in Axes
  2371 | D:4      | Reached XP level 6. HP: 52/55 MP: 5/5
  2457 | D:4      | Reached skill level 5 in Shields
  2526 | D:5      | Entered Level 5 of the Dungeon
  2526 | D:5      | Found a burning altar of Makhleb.
  2531 | D:5      | Noticed a water moccasin
  2546 | D:5      | Killed a water moccasin
  2547 | D:5      | Reached skill level 5 in Fighting
  2547 | D:5      | Reached skill level 5 in Armour
  2547 | D:5      | Reached skill level 1 in Invocations
  2731 | D:5      | Found a sacrificial altar of Ru.
  2731 | D:5      | Found a glowing silver altar of Zin.
  2874 | D:5      | You fall into a shaft and drop 3 floors!
  3027 | D:8      | Reached XP level 7. HP: 56/61 MP: 7/7
  3084 | D:8      | Reached * piety under Okawaru
  3123 | D:8      | Reached skill level 6 in Axes
  3162 | D:8      | Reached skill level 1 in Throwing
  3860 | D:7      | Noticed Pikel
  3861 | D:7      | Reached XP level 8. HP: 70/70 MP: 8/8
  3886 | D:7      | Killed Pikel
  3887 | D:7      | Reached skill level 7 in Axes
  3905 | D:7      | Reached ** piety under Okawaru
  4302 | D:7      | Found an ornate altar of the Wu Jian Council.
  4970 | D:6      | Reached skill level 8 in Axes
  5139 | D:6      | Noticed Menkaure
  5148 | D:6      | Killed Menkaure
  5149 | D:6      | Reached XP level 9. HP: 14/78 MP: 10/10
  5414 | D:6      | Reached skill level 9 in Axes
  5672 | D:6      | Found a sparkling altar of Nemelex Xobeh.
  6027 | D:5      | Reached *** piety under Okawaru
  6164 | D:5      | Found an ancient bone altar of Kikubaaqudgha.
  6781 | D:9      | Found a staircase to the Lair.
  6810 | D:9      | Reached XP level 10. HP: 68/88 MP: 10/12
  6921 | D:9      | Reached skill level 10 in Axes
  6998 | D:9      | Reached skill level 5 in Invocations
  7006 | D:9      | Reached **** piety under Okawaru
  7127 | D:9      | Noticed a two-headed ogre
  7135 | D:9      | Killed a two-headed ogre
  7136 | D:9      | Reached skill level 5 in Throwing
  7137 | D:9      | Noticed Erolcha
  7146 | D:9      | Killed Erolcha
  7213 | D:9      | Reached skill level 11 in Axes
  7305 | D:9      | Reached ***** piety under Okawaru
  7865 | Lair:1   | Entered Level 1 of the Lair of Beasts
  7865 | Lair:1   | Noticed a cane toad
  7870 | Lair:1   | Killed a cane toad
  7870 | Lair:1   | Received a gift from Okawaru
  7871 | Lair:1   | Reached XP level 11. HP: 95/95 MP: 11/14
  8181 | Lair:1   | Reached skill level 12 in Axes
  8277 | Lair:1   | Found a runed translucent door.
  8284 | Lair:1   | Received a gift from Okawaru
  8718 | Lair:1   | Received a gift from Okawaru
  8786 | Lair:1   | Reached skill level 10 in Fighting
  9053 | Lair:1   | Found a shimmering altar of Xom.
  9053 | Lair:1   | Noticed browni3141's ghost (journeyman MiFi)
  9053 | Lair:1   | Noticed a +2 rapier of chaos
  9349 | Lair:2   | Reached XP level 12. HP: 102/106 MP: 16/16
  9372 | Lair:2   | Reached ****** piety under Okawaru
  9373 | Lair:2   | Acquired the +16 obsidian axe {drain, demonic, Mesm ^Drain
                  | Fly SInv}
  9373 | Lair:2   | Received a gift from Okawaru
  9373 | Lair:2   | Found the +16 obsidian axe {drain, demonic, Mesm ^Drain Fly
                  | SInv}
  9375 | Lair:2   | Acquired the +0 pair of boots "Emutz" {Will+ Dex+3}
  9375 | Lair:2   | Received a gift from Okawaru
  9566 | Lair:2   | Reached skill level 13 in Axes
  9569 | Lair:2   | Reached skill level 10 in Shields
  9648 | Lair:2   | Reached skill level 10 in Armour
  9653 | Lair:2   | Noticed an eleionoma
  9662 | Lair:2   | Killed an eleionoma
  9662 | Lair:2   | Received a gift from Okawaru
  9824 | Lair:2   | Found a staircase to the Swamp.
  9858 | Lair:2   | Found a transporter.
  9867 | Lair:2   | Noticed Eugor's ghost (journeyman DrFE)
  9930 | Lair:2   | Found a transporter.
 10472 | Lair:3   | Found a hole to the Spider Nest.
 10682 | Lair:3   | Noticed Amaemon
 10693 | Lair:3   | Killed Amaemon
 10947 | Lair:3   | Received a gift from Okawaru
 11115 | Lair:3   | Noticed a seven-headed hydra
 11130 | Lair:3   | Killed an eight-headed hydra
 11131 | Lair:3   | Reached skill level 14 in Axes
 11362 | Lair:3   | Found the +10 zealot's sword {holy, Zealotry, *Rage rN+
                  | EV+3}
 11393 | Lair:3   | Received a gift from Okawaru
 12319 | Lair:4   | Found a runed translucent gate.
 12320 | Lair:4   | Found a runed translucent gate.
 12326 | Lair:4   | Found a runed translucent gate.
 12435 | Lair:4   | Reached XP level 13. HP: 116/116 MP: 18/18
 12439 | Lair:4   | Received a gift from Okawaru
 12691 | Lair:4   | Noticed browni3141's ghost (adept MiFi)
 12795 | Lair:5   | Entered Level 5 of the Lair of Beasts
 12869 | Lair:5   | Found a staircase to the Slime Pits.
 12919 | Lair:5   | Found a gate leading to a gauntlet.
 12945 | Gauntlet | Entered a Gauntlet
 12945 | Gauntlet | Found a transporter.
 12945 | Gauntlet | Found a transporter.
 12945 | Gauntlet | Found a transporter.
 13096 | Gauntlet | Found a transporter.
 13099 | Gauntlet | Found a transporter.
 13099 | Gauntlet | Found a transporter.
 13113 | Gauntlet | Found a transporter.
 13115 | Gauntlet | Found a transporter.
 13115 | Gauntlet | Noticed a reaper
 13119 | Gauntlet | Noticed a reaper
 13129 | Gauntlet | Found a transporter.
 13224 | Gauntlet | Found a transporter.
 13228 | Gauntlet | Found a transporter.
 13238 | Gauntlet | Found a transporter.
 13388 | Gauntlet | Identified the +0 helmet of Autumn {rN++ Str+4}
 13410 | Gauntlet | Identified the ring "Faveil" {Ice rN++ SInv}
 13510 | Gauntlet | Noticed a minotaur
 13515 | Gauntlet | Killed a minotaur
 13566 | Gauntlet | Reached skill level 15 in Axes
 14130 | Lair:5   | Reached XP level 14. HP: 108/126 MP: 19/19
 14370 | Lair:5   | Reached skill level 16 in Axes
 14393 | Lair:5   | Found a burning altar of Makhleb.
 14404 | Lair:5   | Received a gift from Okawaru
 14476 | Lair:5   | Found a gateway to Hell.
 14715 | Lair:5   | Identified the serpent talisman of the Worm {Int+2 Dex+5}
 14907 | Spider:1 | Entered Level 1 of the Spider Nest
 14915 | Spider:1 | Noticed a ghost moth
 14927 | Spider:1 | Killed a ghost moth
 14948 | Spider:1 | Noticed a broodmother
 14963 | Spider:1 | Killed a broodmother
 14981 | Spider:1 | Received a gift from Okawaru
 15694 | Spider:2 | Reached skill level 10 in Throwing
 15711 | Spider:2 | Identified a scroll of acquirement
 15713 | Spider:2 | Acquired the +3 pair of gauntlets of War {Slay+5}
 15713 | Spider:2 | Found the +3 pair of gauntlets of War {Slay+5}
 15755 | Spider:3 | Noticed Mlioglotl
 15762 | Spider:3 | Killed Mlioglotl
 15777 | Spider:3 | Reached skill level 17 in Axes
 15780 | Spider:3 | Reached skill level 10 in Invocations
 15781 | Spider:3 | Received a gift from Okawaru
 16053 | Spider:4 | Entered Level 4 of the Spider Nest
 16057 | Spider:4 | Reached XP level 15. HP: 136/136 MP: 21/21
 16984 | Spider:4 | Noticed an emperor scorpion
 16995 | Spider:4 | Killed an emperor scorpion
 17013 | Spider:4 | Got a milky-white gem with 355 turns to spare
 17015 | Spider:4 | Got a gossamer rune of Zot
 17203 | Swamp:1  | Entered Level 1 of the Swamp
 17210 | Swamp:1  | HP: 6/136 [will-o-the-wisp/foxfire (40)]
 17210 | Swamp:1  | Demolished by a bunyip

Illustrated notes

Levels and vault maps discovered:
D:1:      ebering_trefoil_twist, layout_rooms
D:2:      layout_loops_ring, chequers_ecumenical_altar_simple,
          hangedman_decor_push, minmay_misc_feat_square, st_stairs_1,
          uniq_jessica
D:3:      layout_loops_ring, serial_shops, nicolae_shop_crystal, st_stairs_1,
          uniq_terence
D:4:      layout_basic, grunt_gozag_statues, minmay_temple_entry_offerings,
          uniq_crazy_yiuf_cottage
D:5:      layout_loops_ring, lemuel_crystal_altar,
          mainiacjoe_overflow_cross_hatched, grunt_temple_overflow_open
D:6:      layout_cave_pools, mainiacjoe_overflow_small_starburst,
          minmay_between, uniq_menkaure
D:7:      layout_layer_cave, nzn_wu_jian_council_hall, uniq_pikel
D:8:      layout_loops_corners, kennysheep_mini_moat, st_stairs_8,
          patterned_corridor
D:9:      layout_stronghold, hellmonk_lair_entry_icy, serial_column_ruins,
          column_ruins_columns_straight, column_ruins_grid_3,
          column_ruins_open_tiny, column_ruins_open_medium, column_ruins_grid_2,
          column_ruins_open_small, column_ruins_corridor_dead_end,
          serial_park_tiny_2, evilmike_butchery, uniq_erolcha
Temple:   zaba_magenta_temple
Lair:1:   layout_regular_city, ebering_ghost_xom, lemuel_fruit_fields
Lair:2:   layout_chaotic_city, alex1729_swamp_entry_worm_eleionoma,
          gammafunk_ghost_berserking_beasts, grunt_megastairs_1
Lair:3:   layout_regular_city, dummy_spider_entry, bobbens_dragon_lair_wall,
          uniq_amaemon
Lair:4:   layout_cellular_growth, ebering_ghost_rock_garden
Lair:5:   evil_forest, layout_cave_shapes, minmay_slime_entry_jelly_boxes,
          gauntlet_entry_generic, hellmonk_talismancer
Swamp:1:  layout_falls_marsh, evilmike_swamp_ruin_house_3, swamp_pool_1_2
Spider:1: gammafunk_sealed_arena
Spider:2: layout_spider_delve, nicolae_spider_claw_tunnel
Spider:3: layout_spider_delve, uniq_mlioglotl
Spider:4: spider_rune_water, uniq_arachne

Skill      XL: |  1  2  3  4  5  6  7  8  9 10 11 12 13 14 15 |
---------------+----------------------------------------------+-----
Axes           | 3 4 5 6 8 9 11 12 14 15 17 | 17.6
Shields        | 4 5 6 7 8 9 10 11 12 13 | 13.2
Fighting       | 4 5 6 7 8 10 11 12 13 | 13.5
Armour         | 4 5 6 7 8 9 10 12 13 | 13.2
Invocations    | 1 2 3 4 5 7 8 9 10 | 10.4
Throwing       | 1 3 4 5 6 8 9 10 | 10.5

Action                     |  1- 3 |  4- 6 |  7- 9 | 10-12 | 13-15 || total
---------------------------+-------+-------+-------+-------+-------++-------
  Melee: War axe           |    64 |   130 |   206 |   269 |       ||   669
         Headbutt          |    10 |    20 |    25 |    70 |    70 ||   195
         Broad axe         |       |       |       |   110 |   376 ||   486
  Throw: Boomerang         |       |       |       |    47 |   104 ||   151
 Invoke: Heroism           |       |       |     4 |    10 |    12 ||    26
         Receive Weapon    |       |       |       |     1 |       ||     1
         Receive Armour    |       |       |       |     1 |       ||     1
         Finesse           |       |       |       |       |     4 ||     4
  Evoke: Wand              |       |       |     1 |       |       ||     1
    Use: Potion            |       |       |     1 |       |     3 ||     4
         Scroll            |       |       |       |     7 |     4 ||    11
 Armour: Scale mail        |    42 |     7 |       |       |       ||    49
         Chain mail        |       |    96 |   181 |       |       ||   277
         Plate armour      |       |       |    51 |   349 |   256 ||   656
  Dodge: Dodged            |    33 |    30 |    69 |   101 |   117 ||   350
  Block: Buckler           |    18 |     8 |       |       |       ||    26
         Kite shield       |       |    27 |   147 |   227 |   241 ||   642
